Zazza, neutral female human Wizard ------------ |..........| |..........| |..........| |.......<..| +..........| -.---------- ###### # ### @ #q# # ----|--- |......| |......| |......| .......| -------- Zazza the Conjurer Experience level: 3 Strength: 10 Dexterity: 14 Constitution: 16 Intelligence: 18 Wisdom: 8 Charisma: 10 Health: 0(30) Energy: 22(23) Def: 3 Gold: 879 Moves: 2355 Dungeon seed: d9OL60Ui1Hg3KkQM Game ID: Zazza_1577128559 Your Inventory: Coins $ - 879 gold pieces Weapons a - a blessed +1 quarterstaff (weapon in hands) G - a +0 mace J - a +0 sling Armor e - an uncursed +0 cloak of magic resistance q - a blessed +0 cloak of displacement y - an uncursed +0 dwarvish cloak N - an uncursed +0 cloak of protection (being worn) Comestibles o - an uncursed food ration Scrolls i - 2 uncursed scrolls of charging j - 2 uncursed scrolls of identify k - an uncursed scroll of scare monster A - an uncursed scroll of confuse monster Spellbooks l - a blessed spellbook of force bolt m - an uncursed spellbook of magic missile Potions f - an uncursed potion of object detection g - an uncursed potion of gain ability h - an uncursed potion of speed u - an uncursed potion of enlightenment z - an uncursed potion of sleeping E - 2 uncursed potions of fruit juice H - an uncursed potion of extra healing I - a potion of holy water L - an uncursed potion of monster detection Rings c - an uncursed +2 ring of increase damage (on left hand) d - an uncursed +2 ring of gain constitution s - an uncursed ring of levitation w - an uncursed ring of polymorph control D - a cursed ring of polymorph Wands b - a wand of opening (0:7) Tools n - a magic marker (0:65) C - a +0 pick-axe K - an uncursed mirror Gems r - an uncursed worthless piece of yellowish brown glass Spells and supernatural/magical abilities: Name Level Category Fail Memory a - force bolt 1 attack 0% 89% m - magic missile 2 attack 0% 89% W - pray for help -- divine ? -- Your skills at the end: Fighting Skills Weapon Skills quarterstaff [Basic] Spellcasting Skills attack spells [Basic] enchantment spells [Basic] Final Attributes: You were devoutly aligned. You had a +2 damage bonus. You were protected. You are dead. Vanquished creatures: 2 floating eyes a rabid rat a wererat a werejackal an acid blob a hobbit 17 manes a large kobold 3 giant rats a cave spider a brown mold a red mold 5 geckos 8 jackals 2 goblins 2 sewer rats 2 grid bugs a bat 3 lichens 4 newts 58 creatures vanquished. Voluntary challenges: You had been an atheist until turn 2055. You used a wielded weapon 5 times, starting on turn 210. You read items or engraved 6 times, starting on turn 1353. You never genocided any monsters. You never polymorphed an object. You never changed form. You used no wishes. You never split a pudding. You wrote Elbereth's name 2 times, starting on turn 1853. You never violated your personal moral code. Dungeon overview: The Dungeons of Doom: levels 1 to 6 Level 1 a long staircase Level 2 Level 3 Level 4 (gold) a fountain a long staircase Level 5 Level 6 <- You were here History has recorded: On T:1 you entered the Dungeons of Doom to retrieve the Amulet of Yendor! On T:389 you reached level 2 of The Dungeons of Doom. On T:770 you reached level 3 of The Dungeons of Doom. On T:1091 you reached level 4 of The Dungeons of Doom. On T:1615 you reached level 5 of The Dungeons of Doom. On T:1873 you advanced to experience level 2. On T:2186 you advanced to experience level 3. On T:2279 you reached level 6 of The Dungeons of Doom. Score breakdown: Gold: 879 (10016 points) Experience: 3 levels ( 7878 points) Exploration: 6 levels ( 11.54%) ( 9393 points) Discoveries: 3 items ( 1.05%) ( 3067 points) Valuables value: (no points given unless you survive) Artifact value: 0 ( 0 points) Variety of kills: 20 monsters ( 5.25%) ( 6873 points) Turncount: 2355 turns ( -242 points) Survival: died (score multiplied by 80%) Total score: 29588 Latest messages: You hear someone counting money. You hear a door open. You stop exploring. You displace Armand. You kill the large kobold! The rothe hits! The rothe just misses! The rothe misses. You displace Armand. Armand bites the rothe. The rothe hits Armand. The rothe bites Armand. The rothe misses Armand. You displace Armand. The rothe hits! The rothe bites! (2x) The rothe hits! The rothe bites! (2x) You displace Armand. The rothe hits! The rothe bites! The rothe just misses! The rothe hits! The rothe bites! You die... Final status: Goodbye Zazza the Wizard, killed by a rothe... You died in The Dungeons of Doom on dungeon level 6 with 29588 points, and 879 pieces of gold, after 2355 moves. You were level 3 with a maximum of 30 hit points when you died.